 Dungeon Crawl Stone Soup version 0.22-a0-161-g198051cff3 (console) character file.

57 Muffindrake the Sneak (level 3, 0/27 HPs)
             Began as a Vampire Assassin on Feb 11, 2018.
             Succumbed to an adder's poison
             ... on level 2 of the Dungeon.
             The game lasted 00:06:08 (948 turns).

Muffindrake the Sneak (Vampire Assassin)             Turns: 948, Time: 00:06:09

Health: 0/27       AC:  4    Str: 10    XL:     3   Next: 73%
Magic:  3/3        EV: 12    Int: 13    God:
Gold:   23         SH:  0    Dex: 16    Spells: 2/2 levels left

rFire    . . .     SeeInvis +   k - +1 rapier (venom)
rCold    . . .     Gourm    .   (no shield)
rNeg     + . .     Faith    .   c - +1 robe
rPois    .         Spirit   .   (no helmet)
rElec    .         Reflect  .   d - +0 cloak
rCorr    +         Harm     .   (no gloves)
MR       .....     Rnd*Tele +   (no boots)
Stlth    ++++......             (no amulet)
HPRegen  0.09/turn              h - ring of teleportation (curse)
MPRegen  0.08/turn              i - ring of resist corrosion

@: lethally poisoned (0 -> -2)
A: fangs 3, see invisible, unbreathing
a: Bat Form


You were on level 2 of the Dungeon.
You were not thirsty.

You visited 1 branch of the dungeon, and saw 2 of its levels.

You collected 23 gold pieces.

Inventory:

Hand Weapons
 a - a +2 dagger
 b - a +0 blowgun
 k - a +1 rapier of venom (weapon)
Missiles
 e - 8 poisoned needles (quivered)
 f - 2 curare-tipped needles
Armour
 c - a +1 robe (worn)
 d - a +0 cloak (worn)
Jewellery
 h - a cursed ring of teleportation (left hand)
 i - a ring of resist corrosion (right hand)
Scrolls
 j - a scroll of fear
Potions
 g - 6 potions of blood


   Skills:
 + Level 1.9 Fighting
 * Level 2.8 Short Blades
 + Level 1.8 Throwing
 * Level 1.5 Dodging
 * Level 7.3 Stealth


You had 2 spell levels left.
You didn't know any spells.

Dungeon Overview and Level Annotations

Branches:
Dungeon (2/15)

Altars:
Nemelex Xobeh
Wu Jian

Annotations:
D:2 1 transporter


Innate Abilities, Weirdness & Mutations

You have razor-sharp teeth.
You have supernaturally acute eyesight. (SInv)
You can survive without breathing.


Message History

The worm is lightly wounded.
The worm bites you!
You hit the worm. Your bite misses the worm.
The worm is lightly wounded.
You feel sick.
You hit the worm.
The worm is poisoned.
You bite the worm.
The worm is heavily wounded.
The worm bites you but does no damage.
You hit the worm but do no damage.
The worm looks as sick as possible!
The worm is moderately wounded.
The worm misses you.
You barely miss the worm. You bite the worm.
The worm is heavily wounded.
You hit the worm.
The worm looks as sick as possible!
The worm is severely wounded.
You feel sick. The worm bites you!
* * * LOW HITPOINT WARNING * * *
A leopard gecko comes into view.
The leopard gecko hisses angrily.
You die...

#......w.... #...........
..........#
#..####.........#
...............#
####..###.........#
...<.............#
#.#.###..w#######
#.........#..
#.###..#....#.#
#..........@#.#
######..#...#.#
.............#.#
########..l#.#.#
............#.###########.
.......).>..%.....(.......
########.####.############
#.# #.# #.. ... ######.##
#.#


You could see a worm and a leopard gecko.

Vanquished Creatures
  An adder (D:2)
  A worm (D:2)
  2 dart slugs (D:1)
  A leopard gecko (D:2)
  3 giant cockroaches
  9 goblins
  2 hobgoblins
  7 jackals (D:1)
  3 kobolds
  3 bats (D:1)
  A frilled lizard (D:2)
  3 rats
36 creatures vanquished.

Notes
Turn   | Place    | Note
-------+----------+-------------------------------------------
     0 | D:1      | Muffindrake the Vampire Assassin began the quest for the Orb.
     0 | D:1      | Reached XP level 1. HP: 16/16 MP: 1/1
    11 | D:1      | Reached skill level 6 in Stealth
   306 | D:1      | Reached XP level 2. HP: 20/22 MP: 2/2
   569 | D:1      | Reached skill level 7 in Stealth
   569 | D:1      | Reached XP level 3. HP: 17/27 MP: 3/3
   859 | D:2      | Found a sparkling altar of Nemelex Xobeh.
   860 | D:2      | Found an ornate altar of the Wu Jian Council.
   862 | D:2      | Found a transporter.
   870 | D:2      | Noticed a centaur
   944 | D:2      | HP: 1/27 [worm (8)]
   948 | D:2      | Succumbed to an adder's poison

Vault maps used:
D:1:      eino_arrival_cavern_d, minmay_misc_feat_four_crosses,
          corexii_hall_statues_t
D:2:      lemuel_round_altar, gammafunk_temple_overflow_arena

Skill      XL: |  1  2 |
---------------+-------+-----
Stealth        | 6 7 |  7.3
Fighting       | |  1.9
Short Blades   | |  2.8
Throwing       | |  1.8
Dodging        | |  1.5

Action                   || total
-------------------------++-------
Melee: Dagger            ||   101
       Bite              ||     8
       Rapier            ||    22
  Use: Potion            ||     7
       Scroll            ||     5
 Stab: Sleeping          ||     7
Armor: Robe              ||    37
Dodge: Dodged            ||   118

Table legend:
 A = Spawn XP
 B = Non-spawn XP
 C = Spawn XP percentage of total XP
 D = Spawn monster count
 E = Non-spawn monster count
 F = Spawn count percentage of total count
 G = Total turns spent on level
                    A         B        C        D         E        F      G
               +---------+---------+-------+---------+---------+-------+---------
         Total |       0 |      82 |   0.0 |       0 |      36 |   0.0 |   948
               +---------+---------+-------+---------+---------+-------+---------
           D:1 |       0 |      46 |   0.0 |       0 |      24 |   0.0 |   782
           D:2 |       0 |      36 |   0.0 |       0 |      12 |   0.0 |   166
               +---------+---------+-------+---------+---------+-------+---------
